Map: Simulacrum LE

Players

thermostaat (uThermal) - Winner!

  • Race: Terran Terran
  • Spawn Location: 11:00

puCK (Nina)

  • Race: Protoss Protoss
  • League: Grandmaster
  • Spawn Location: 5:00

Event: Cheeseadelphia XI, Cheeseadelphia XI

VOD

Have the link to the VOD?

Description

Time

  • Played on: Dec. 15, 2019, 2:12 p.m.
  • Length: 13:40

All games in this series

Show
View Real Time Build Order
Export as new Build Order

thermostaat Terran - Winner!

Build Orders: Reaper Expand 

Get SALT Encoding   

  12  0:01  SCV  
  13  0:13  SCV  
  14  0:17  Supply Depot  
  14  0:25  SCV  
  15  0:38  SCV  
  15  0:39  Barracks  
  16  0:43  Refinery  
  16  0:50  SCV  
  17  1:02  SCV  
  18  1:15  SCV  
  19  1:26  Reaper  
  19  1:27  Orbital Command  
  20  1:44  Command Center  
  20  1:52  SCV  
  20  1:53  Supply Depot  
  21  1:58  Marine  
  22  2:05  SCV  
  22  2:08  Factory  
  23  2:20  Barracks Reactor, Bunker  
  23  2:21  SCV  
  24  2:27  Refinery  
  24  2:33  SCV  
  25  2:45  SCV  
  26  2:53  Widow Mine  
  26  2:56  Orbital Command, Marine x2  
  26  2:57  SCV  
  31  3:00  Starport  
  31  3:09  SCV  
  32  3:14  Widow Mine, Marine x2  
  36  3:21  SCV x2  
  36  3:22  Supply Depot  
  38  3:32  Marine x2  
  38  3:33  SCV  
  38  3:34  SCV  
  42  3:35  Factory Tech Lab  
  42  3:37  Medivac  
  44  3:45  SCV  
  44  3:46  SCV  
  46  3:50  Marine x2  
  46  3:54  Siege Tank  
  51  3:57  Supply Depot  
  51  3:58  SCV x2  
  53  4:05  Supply Depot  
  53  4:07  Marine  
  54  4:11  Marine  
  54  4:19  SCV x2, Viking  
  58  4:25  Marine  
  58  4:27  Siege Tank  
  58  4:29  Marine  
  62  4:31  SCV x2  
  64  4:43  SCV  
  64  4:44  SCV  
  64  4:45  Command Center  
  66  4:47  Marine  
  66  4:49  Marine  
  68  4:55  SCV  
  68  4:56  SCV  
  68  5:00  Siege Tank  
  68  5:03  Supply Depot  
  68  5:06  Marine  
  70  5:07  SCV, Marine  
  70  5:12  Starport Tech Lab  
  70  5:13  SCV  
  73  5:15  Barracks  
  73  5:20  Supply Depot  
  73  5:24  Marine  
  73  5:25  Marine  
  73  5:26  Refinery  
  73  5:27  SCV, Refinery  
  76  5:33  Siege Tank  
  79  5:38  SCV  
  79  5:42  Marine  
  81  5:43  Supply Depot, Marine  
  81  5:47  Engineering Bay, SCV  
  83  5:51  Armory  
  83  5:53  SCV  
  84  5:57  Orbital Command  
  84  5:58  Starport Tech Lab  
  84  5:59  Barracks  
  84  6:05  SCV, Marine x2  
  84  6:08  Siege Tank  
  90  6:13  SCV  
  90  6:14  Marine  
  90  6:15  Supply Depot  
  90  6:17  Stimpack  
  92  6:22  Terran Infantry Weapons Level 1  
  92  6:23  SCV, Starport Reactor, Marine  
  92  6:24  Marine  
  94  6:25  SCV  
  94  6:33  Marine  
  94  6:34  SCV  
  94  6:35  Missile Turret  
  94  6:37  Missile Turret  
  94  6:39  Drilling Claws  
  96  6:40  Siege Tank, Marine  
  96  6:44  Supply Depot  
  96  6:46  Marine  
  102  6:52  Marauder  
  103  6:55  Barracks  
  103  6:56  Barracks, Combat Shield, Marine  
  103  7:00  Medivac  
  106  7:02  Marine  
  106  7:04  Marine  
  108  7:09  Supply Depot  
  108  7:12  Widow Mine, Marine  
  108  7:13  Medivac  
  113  7:21  Marine x2  
  115  7:24  Engineering Bay  
  115  7:25  Supply Depot  
  115  7:26  Marine  
  114  7:30  Medivac  
  114  7:31  Marauder  
  114  7:34  Widow Mine  
  120  7:37  Orbital Command  
  120  7:38  Supply Depot  
  120  7:39  Supply Depot, Marauder, Marine  
  120  7:43  Barracks Reactor, Barracks Tech Lab  
  123  7:44  SCV  
  123  7:46  Medivac  
  123  7:50  SCV  
  126  7:56  SCV  
  127  8:01  Marauder x2  
  127  8:02  SCV  
  132  8:06  SCV, Sensor Tower  
  132  8:10  SCV  
  132  8:11  Marine  
  135  8:13  Widow Mine x2  
  135  8:17  SCV  
  135  8:18  Refinery, Marine  
  141  8:22  Marauder x2  
  141  8:26  Medivac  
  137  8:29  Marine  
  140  8:35  SCV  
  140  8:37  SCV, Supply Depot  
  140  8:38  Supply Depot, Marauder, Marine x2  
  140  8:39  Supply Depot  
  146  8:42  Missile Turret  
  146  8:43  Marauder, Widow Mine x2  
  146  8:47  SCV  
  146  8:48  SCV  
  154  8:49  Sensor Tower  
  154  8:51  Terran Infantry Weapons Level 2  
  154  8:54  SCV, Marine  
  154  8:58  Terran Infantry Armor Level 1  
  154  9:01  SCV  
  154  9:02  Marine x2  
  155  9:03  Marauder, Refinery  
  155  9:04  Widow Mine  
  155  9:07  Widow Mine  
  163  9:17  Marauder, Marine x2  
  163  9:20  Command Center  
  163  9:21  Marine x2  
  169  9:24  Marauder  
  169  9:28  Widow Mine  
  169  9:29  Widow Mine  
  175  9:33  Medivac  
  175  9:34  Medivac  
  175  9:35  Marine x2  
  179  9:39  Marauder, Marine  
  179  9:42  Fusion Core  
  179  9:43  Marine  
  183  9:46  Marauder  
  183  9:50  Widow Mine  
  183  9:51  Widow Mine  
  189  9:58  Supply Depot  
  189  10:00  Ghost Academy  
  189  10:04  Marine x2  
  189  10:07  Liberator  
  189  10:08  Marine x2  
  189  10:11  Marauder  
  189  10:12  Liberator  
  189  10:13  Terran Ship Weapons Level 1  
  189  10:20  Marauder  
  189  10:22  Marauder, Marine  
  189  10:26  Marine x2  
  197  10:32  Marauder, Widow Mine  
  177  10:41  Widow Mine  
  175  10:44  Marauder, Marine  
  176  10:54  Command Center, Widow Mine, Marine  
  179  11:03  Liberator, Widow Mine  
  181  11:04  Orbital Command  
  181  11:07  Advanced Ballistics  
  181  11:10  Marine  
  180  11:14  Marine  
  181  11:19  Liberator  
  158  11:38  Marine  
  158  11:39  Marauder  
  139  11:40  Widow Mine  
  139  11:43  Widow Mine  
  135  11:51  Marauder x2, Marine x2  
  138  11:55  SCV  
  138  12:00  Marine x2  
  141  12:01  Widow Mine  
  141  12:03  Medivac  
  141  12:04  Widow Mine  
  141  12:06  SCV  
  148  12:08  Marine  
  148  12:12  SCV  
  148  12:19  Medivac  
  148  12:21  Marine  
  148  12:22  Marauder, Marine  
  142  12:24  Marine  
  142  12:28  Widow Mine  
  141  12:30  Widow Mine  
  141  12:33  Medivac  
  143  12:37  Marauder, Marine  
  143  12:39  Marine  
  143  12:40  Marauder  
  147  12:49  Medivac, Widow Mine  
  135  13:04  Marine x2  
  135  13:05  Marauder x2  
  139  13:08  SCV  
  139  13:09  SCV  
  139  13:10  Marauder, Marine  
  144  13:14  Widow Mine  
Show
View Real Time Build Order
Export as new Build Order

puCK Protoss 

Build Orders: 1 Gate Expand, Blink Stalkers, Zealot Archon 

Get SALT Encoding   

  12  0:00  Probe  
  13  0:12  Probe  
  14  0:18  Pylon  
  14  0:24  Probe  
  15  0:36  Probe (Chrono Boost)  
  15  0:38  Gateway  
  16  0:48  Probe (Chrono Boost)  
  17  0:50  Assimilator  
  17  0:52  Probe (Chrono Boost)  
  18  1:03  Probe  
  19  1:15  Probe  
  20  1:25  Cybernetics Core  
  20  1:34  Nexus  
  20  1:41  Pylon  
  20  1:44  Probe  
  21  1:51  Assimilator  
  21  1:56  Probe  
  21  2:00  Adept (Chrono Boost)  
  22  2:04  Warp Gate  
  22  2:08  Probe  
  25  2:20  Stalker (Chrono Boost), Probe  
  28  2:32  Probe  
  29  2:43  Stalker  
  30  2:46  Probe (Chrono Boost)  
  30  2:50  Probe (Chrono Boost), Twilight Council  
  33  3:01  Probe (Chrono Boost)  
  33  3:02  Probe (Chrono Boost)  
  34  3:05  Gateway  
  34  3:06  Probe (Chrono Boost)  
  34  3:08  Probe  
  36  3:16  Probe  
  37  3:20  Probe  
  37  3:23  Blink (Chrono Boost)  
  38  3:28  Probe  
  38  3:34  Probe  
  40  3:36  Pylon  
  40  3:41  Probe  
  41  3:46  Probe  
  42  3:53  Stalker, Probe  
  45  3:57  Pylon  
  45  3:58  Probe  
  45  4:00  Stalker  
  48  4:08  Nexus  
  48  4:09  Probe  
  49  4:13  Probe  
  50  4:20  Forge  
  50  4:21  Stalker  
  50  4:23  Probe  
  53  4:29  Stalker  
  55  4:37  Gateway  
  55  4:40  Pylon, Probe  
  55  4:45  Pylon, Probe  
  55  4:47  Stalker  
  57  4:56  Probe (Chrono Boost)  
  57  4:57  Gateway  
  57  4:58  Probe (Chrono Boost)  
  48  5:06  Stalker  
  50  5:07  Protoss Ground Weapons Level 1 (Chrono Boost)  
  50  5:08  Probe (Chrono Boost)  
  50  5:10  Probe (Chrono Boost)  
  52  5:17  Probe (Chrono Boost)  
  52  5:18  Probe (Chrono Boost)  
  52  5:19  Stalker  
  56  5:22  Probe x2 (Chrono Boost)  
  56  5:27  Probe (Chrono Boost)  
  59  5:30  Charge  
  59  5:33  Sentry  
  59  5:34  Sentry  
  64  5:37  Probe (Chrono Boost)  
  64  5:40  Probe x2 (Chrono Boost)  
  66  5:44  Gateway  
  66  5:45  Probe (Chrono Boost)  
  66  5:46  Probe (Chrono Boost)  
  66  5:48  Probe (Chrono Boost)  
  69  5:51  Gateway  
  69  5:54  Probe (Chrono Boost)  
  69  5:56  Probe (Chrono Boost)  
  71  6:03  Pylon, Probe (Chrono Boost)  
  72  6:05  Zealot  
  72  6:09  Probe (Chrono Boost)  
  72  6:10  Probe (Chrono Boost)  
  72  6:11  Zealot x2  
  79  6:13  Probe (Chrono Boost)  
  81  6:20  Probe  
  81  6:22  Probe  
  81  6:25  Gateway x2  
  83  6:29  Probe  
  83  6:32  Zealot x3  
  90  6:36  Pylon  
  91  6:45  Nexus  
  90  6:47  Pylon  
  90  6:49  Zealot  
  92  6:57  Protoss Ground Armor Level 1 (Chrono Boost), Zealot x3  
  92  7:01  Templar Archives  
  98  7:02  Probe  
  98  7:03  Probe  
  98  7:06  Assimilator  
  98  7:08  Zealot  
  102  7:10  Zealot  
  102  7:14  Probe  
  102  7:15  Probe  
  107  7:17  Zealot x2  
  107  7:19  Pylon  
  107  7:20  Zealot  
  107  7:22  Zealot  
  114  7:29  Zealot x2  
  116  7:30  Probe  
  117  7:37  Probe x2, High Templar x2  
  117  7:40  Pylon, Zealot  
  117  7:41  Archon  
  125  7:53  Pylon  
  125  7:56  Probe x3  
  125  7:57  Probe  
  129  8:01  Zealot x6  
  141  8:08  Probe x3  
  141  8:10  Zealot x2  
  148  8:13  Gateway  
  148  8:15  Gateway  
  130  8:30  Zealot  
  130  8:31  Zealot x7  
  130  8:32  Probe  
  143  8:35  Probe  
  143  8:36  Probe  
  145  8:44  Pylon, Nexus  
  145  8:53  High Templar x2  
  145  8:54  High Templar x2  
  153  8:57  Archon x2  
  153  8:59  Probe, Protoss Ground Armor Level 2 (Chrono Boost)  
  153  9:02  Zealot x2  
  158  9:03  Zealot x2  
  158  9:05  Pylon, Probe  
  158  9:08  Assimilator  
  158  9:09  Pylon  
  163  9:10  Pylon  
  163  9:12  Gateway  
  163  9:13  Probe  
  163  9:14  Gateway  
  164  9:18  Assimilator  
  164  9:20  Pylon  
  164  9:24  Stalker x4  
  164  9:27  Pylon  
  164  9:31  Probe  
  166  9:34  Photon Cannon  
  166  9:35  Photon Cannon  
  166  9:41  Zealot x4  
  166  9:44  Robotics Facility  
  174  9:47  Zealot  
  174  9:50  Probe  
  174  9:52  Probe  
  178  9:54  Zealot  
  178  9:56  Zealot  
  178  9:59  Zealot  
  185  10:00  Probe  
  185  10:02  Probe  
  185  10:03  Zealot  
  184  10:07  High Templar x2  
  184  10:08  Zealot x2  
  184  10:13  Probe  
  191  10:15  Archon  
  191  10:17  Zealot x3  
  191  10:19  Zealot  
  161  10:37  Photon Cannon  
  135  10:47  Zealot x8  
  135  10:48  Zealot x3  
  135  10:49  Probe  
  151  10:53  Photon Cannon  
  151  10:54  Probe  
  152  11:02  Probe  
  150  11:06  High Templar  
  150  11:08  High Templar x3  
  150  11:09  Zealot x5  
  168  11:12  Archon x2  
  168  11:14  Zealot x2  
  168  11:16  Probe  
  168  11:17  Probe x2  
  175  11:20  Pylon  
  174  11:31  Zealot x6  
  140  11:35  Zealot x2  
  102  11:42  Zealot x3  
  102  11:45  Probe  
  102  11:46  Probe  
  90  11:51  High Templar x4  
  90  11:52  Zealot x5  
  97  11:56  Archon x2  
  97  11:58  Zealot x2  
  101  12:04  Zealot  
  101  12:06  Observer (Chrono Boost)  
  104  12:15  Zealot x5  
  101  12:19  Zealot x2  
  79  12:26  High Templar x2  
  79  12:27  Zealot x3  
  89  12:30  Archon  
  89  12:37  High Templar x2  
  91  12:38  Zealot x3  
  91  12:41  Archon  
  79  12:53  Zealot x4  
  79  12:54  Zealot  
  80  12:58  Zealot  
  80  12:59  Zealot  
  80  13:03  High Templar x2  
  80  13:04  Zealot  
  84  13:07  Archon  
  84  13:10  Observer (Chrono Boost)  
  85  13:17  Zealot x4  
Tags
 
Add a new tag
Caveats
  • Supply blocks, unpowered buildings, or Contaminate may cause inaccurate times.
  • Supply counts are checked every 10 seconds.